Map: 2000 Atmospheres LE

Players

Throwfordays - Winner!

  • Race: Terran Terran

A.I. 1 (Medium)

  • Race: Protoss Protoss

VOD

Have the link to the VOD?

Description

Time

  • Played on: June 17, 2021, 2:51 p.m.
  • Length: 13:07
Show
View Real Time Build Order
Export as new Build Order

Throwfordays Terran - Winner!

Build Orders:  

Get SALT Encoding   

  12  0:01  SCV  
  13  0:15  Supply Depot  
  13  0:18  SCV  
  14  0:30  SCV  
  15  0:40  Barracks  
  16  0:42  SCV  
  16  0:49  Refinery  
  16  0:55  SCV  
  16  0:56  Refinery  
  17  1:07  SCV  
  18  1:19  SCV  
  19  1:31  SCV  
  20  1:43  SCV  
  21  1:51  Barracks Tech Lab  
  21  1:56  Supply Depot  
  21  2:08  SCV  
  22  2:10  Command Center  
  22  2:13  Factory  
  22  2:18  Engineering Bay  
  22  2:23  SCV  
  23  2:32  Supply Depot  
  23  2:33  Reaper  
  24  2:37  SCV  
  25  2:49  SCV  
  26  2:59  Factory Reactor  
  26  3:01  Starport  
  26  3:09  Supply Depot  
  26  3:12  Orbital Command  
  26  3:22  SCV  
  27  3:59  Supply Depot  
  27  4:00  SCV  
  28  4:03  SCV  
  28  4:09  Barracks  
  29  4:12  SCV  
  29  4:15  SCV  
  31  4:22  Widow Mine x2  
  35  4:24  Barracks Reactor  
  35  4:25  SCV  
  35  4:27  SCV  
  37  4:35  Supply Depot  
  37  4:37  SCV  
  38  4:39  SCV  
  38  4:42  Armory  
  38  4:44  Widow Mine x2  
  43  4:49  SCV  
  43  4:52  SCV  
  45  4:58  Barracks Reactor  
  45  5:01  SCV  
  45  5:04  Medivac  
  48  5:08  Terran Infantry Weapons Level 1  
  48  5:09  Engineering Bay  
  48  5:10  SCV  
  48  5:13  SCV  
  50  5:17  Refinery  
  50  5:19  Refinery  
  50  5:24  Supply Depot  
  50  5:25  SCV  
  51  5:34  Medivac  
  53  5:37  SCV  
  54  5:49  SCV  
  55  5:50  Marine  
  55  5:51  Marine x3  
  59  5:59  Terran Infantry Armor Level 1  
  59  6:01  SCV  
  59  6:03  Barracks  
  59  6:04  Medivac  
  62  6:08  Marine x2  
  62  6:09  Marine x2  
  66  6:17  SCV  
  67  6:20  SCV  
  68  6:26  Marine x3  
  68  6:27  Marine  
  68  6:32  SCV  
  73  6:34  Command Center  
  73  6:44  Marine x4  
  77  6:51  Factory  
  77  7:02  Marine x4, SCV  
  82  7:09  Supply Depot  
  82  7:12  Barracks Tech Lab  
  82  7:13  Supply Depot  
  82  7:14  SCV  
  83  7:15  Supply Depot  
  83  7:20  Marine x3  
  86  7:25  Marine  
  83  7:37  Marine, Medivac  
  85  7:38  Marine x2  
  85  7:43  Marine  
  89  8:03  Stimpack  
  89  8:06  Marine, Medivac  
  89  8:09  Marine x4  
  96  8:24  Marine  
  96  8:26  Marine, SCV  
  96  8:27  Marine x3  
  97  8:29  SCV  
  97  8:33  SCV  
  98  8:36  Medivac  
  98  8:38  SCV  
  98  8:39  Supply Depot  
  99  8:41  SCV  
  99  8:42  Marine  
  99  8:44  Marine x3  
  99  8:45  Marine, SCV  
  106  8:50  Terran Infantry Weapons Level 2  
  106  8:51  SCV  
  106  8:53  SCV  
  108  8:58  SCV  
  108  8:59  Marine  
  108  9:02  Marine x4  
  111  9:03  SCV  
  111  9:05  SCV  
  116  9:10  SCV  
  116  9:15  SCV  
  118  9:17  Marine, SCV  
  118  9:22  SCV  
  121  9:42  Combat Shield  
  121  9:57  Fusion Core  
  121  9:58  Supply Depot  
  121  9:59  Supply Depot  
  121  10:00  Supply Depot  
  121  10:04  Terran Vehicle And Ship Armor Level 1  
  121  10:08  Factory Tech Lab  
  121  10:14  Marine x5  
  126  10:23  Orbital Command  
  126  10:25  Planetary Fortress  
  126  10:27  Refinery  
  126  10:30  Refinery  
  126  10:32  Marine x5  
  131  10:50  Marine x5  
  136  11:07  Marine x2  
  136  11:08  Marine x3  
  141  11:15  Supply Depot  
  141  11:18  Supply Depot x2  
  141  11:23  Rapid Reignition System  
  141  11:25  Marine x4  
  141  11:26  Marine  
  146  11:43  Marine x5  
  150  12:01  Marine x5  
  153  12:19  Marine  
Show
View Real Time Build Order
Export as new Build Order

A.I. 1 (Medium) Protoss 

Build Orders:  

Get SALT Encoding   

  12  0:00  Probe  
  13  0:13  Probe  
  14  0:19  Pylon  
  14  0:25  Probe  
  15  0:34  Probe  
  15  0:42  Probe  
  16  0:47  Assimilator  
  17  0:50  Gateway  
  17  0:52  Probe  
  18  0:59  Pylon  
  18  1:27  Gateway  
  18  1:33  Assimilator  
  18  1:38  Cybernetics Core  
  18  1:44  Zealot  
  20  2:04  Pylon, Warp Gate  
  20  2:09  Adept  
  22  2:34  Zealot  
  24  2:50  Pylon  
  24  2:52  Adept  
  26  3:09  Probe  
  26  3:11  Adept  
  29  3:22  Probe  
  30  3:28  Pylon  
  30  3:29  Stalker  
  30  3:34  Probe  
  33  3:46  Probe  
  33  3:51  Adept  
  33  3:53  Forge  
  35  3:58  Probe  
  36  4:07  Probe  
  36  4:10  Adept  
  36  4:15  Probe  
  40  4:28  Adept  
  42  4:47  Adept  
  44  5:45  Probe  
  44  5:58  Probe  
  44  6:40  Probe  
  44  6:44  Stalker  
  47  6:47  Pylon  
  47  6:49  Photon Cannon  
  47  6:51  Nexus, Photon Cannon  
  47  6:53  Robotics Facility  
  39  6:57  Sentry, Stargate  
  39  7:00  Twilight Council  
  41  7:03  Gateway  
  41  7:07  Forge  
  39  7:11  Stalker  
  41  7:25  Stalker  
  31  7:38  Stalker  
  31  7:42  Observer  
  34  7:52  Stalker  
  34  7:56  Observer  
  36  8:04  Probe  
  38  8:06  Sentry  
  38  8:07  Probe  
  38  8:12  Assimilator  
  35  8:14  Pylon  
  35  8:16  Pylon, Probe  
  35  8:18  Probe  
  35  8:19  Stalker  
  37  8:26  Probe  
  37  8:28  Probe  
  37  8:32  Assimilator  
  37  8:33  Zealot  
  41  8:38  Probe  
  41  8:40  Photon Cannon, Probe  
  42  8:46  Zealot  
  45  8:50  Probe  
  45  8:52  Photon Cannon  
  45  8:54  Probe  
  47  9:00  Stalker  
  47  9:02  Probe  
  50  9:06  Probe  
  51  9:14  Stalker, Probe  
  54  9:18  Probe  
  55  9:26  Probe  
  55  9:27  Stalker, Probe  
  59  9:35  Probe  
  59  9:38  Probe  
  59  9:41  Sentry  
  59  9:44  Probe  
  63  9:50  Probe  
  65  9:54  Adept  
  67  10:08  Adept  
  69  11:22  Stalker  
  69  11:25  Gateway  
  73  11:30  Robotics Facility  
  73  11:32  Stalker  
  75  11:34  Stargate  
  75  11:40  Pylon  
  75  11:42  Fleet Beacon, Stalker  
  74  11:48  Nexus  
  74  11:53  Zealot  
  71  12:01  Zealot  
  35  12:20  Zealot  
Tags
 
Add a new tag
Caveats
  • Supply blocks, unpowered buildings, or Contaminate may cause inaccurate times.
  • Supply counts are checked every 10 seconds.